 Dungeon Crawl Stone Soup version 0.30-a0-12-gd8047c6341 (webtiles) character file.

Game seed: 2982673671194103845

1511 kae the Firebug (level 8, -17/63 HPs)
             Began as a Demigod Fire Elementalist on Aug 22, 2022.
             Engulfed by a cloud of flame (19 damage)
             ... on level 6 of the Dungeon on Aug 23, 2022.
             The game lasted 00:07:06 (6490 turns).

kae the Firebug (Demigod Fire Elementalist)         Turns: 6490, Time: 00:07:07

Health: -17/63     AC:  7    Str:  9    XL:     8   Next: 28%
Magic:  0/25       EV: 13    Int: 25    God:
Gold:   312        SH:  0    Dex: 14    Spells: 5/14 levels left

rFire   . . .      SeeInvis .    j - staff of conjuration {!a}
rCold   . . .      Faith    .    (no shield)
rNeg    . . .      Spirit   +    a - +0 robe
rPois   .          Reflect  .    f - +0 helmet
rElec   .          Harm     .    (no cloak)
rCorr   .          Rampage  .    (no gloves)
Will    .....                    (no boots)
Stlth   ++........               G - amulet of guardian spirit
HPRegen 0.20/turn                W - ring of magical power
MPRegen 0.19/turn                O - +4 ring of protection

@: no status effects
A: high MP 1, forlorn, divine attributes
a: no special abilities


You were on level 6 of the Dungeon.
You visited 1 branch of the dungeon, and saw 6 of its levels.

You collected 312 gold pieces.


Innate Abilities, Weirdness & Mutations

You have an increased reservoir of magic. (+10% MP)
You shall have no god before yourself.
Your divine heritage dramatically boosts your attributes as you level up.


   Skills:
 + Level 3.3 Fighting
 + Level 1.4 Staves
 + Level 3.7 Dodging
 - Level 1.7 Stealth
 + Level 3.6 Spellcasting
 * Level 5.0 Conjurations
 * Level 5.7 Fire Magic
 + Level 1.4 Evocations


You had 5 spell levels left.
You knew the following spells:

 Your Spells              Type           Power      Damage    Failure   Level
a - Foxfire               Conj/Fire      100%       2x1d9     1%          1
b - Scorch                Fire           66%        2d8       1%          2
c - Conjure Flame         Conj/Fire      47%        6-21      3%          3
d - Inner Flame           Hex/Fire       18%        N/A       9%          3

Your spell library contained the following spells:

 Spells                   Type           Power      Damage    Failure   Level
 Flame Wave               Conj/Fire      47%        2d12      11%         4

Inventory:

Hand Weapons
 g - a +0 whip
   (You found it on level 2 of the Dungeon)
 n - a +1 short sword of protection
   (You took it off a kobold on level 3 of the Dungeon)
Missiles
 c - 51 stones
 d - 7 atropa-tipped darts
 p - a throwing net {=f!f}
 t - 2 boomerangs
Armour
 a - a +0 robe (worn)
 f - a +0 helmet (worn)
   (You found it on level 2 of the Dungeon)
Magical Staves
 j - a staff of conjuration (weapon) {!a}
   (You acquired it on level 5 of the Dungeon)
Jewellery
 C - a ring of ice
   (You found it on level 4 of the Dungeon)
 D - a +6 ring of dexterity
   (You found it on level 1 of the Dungeon)
 G - an amulet of guardian spirit (around neck)
   (You found it on level 4 of the Dungeon)
 O - a +4 ring of protection (right hand)
   (You found it on level 4 of the Dungeon)
 S - a +6 ring of strength
   (You found it on level 3 of the Dungeon)
 T - an amulet of faith {!P}
   (You found it on level 5 of the Dungeon)
 W - a ring of magical power (left hand)
   (You found it on level 4 of the Dungeon)
Scrolls
 m - a scroll of immolation {!r!r}
 o - a scroll of magic mapping {!r}
 q - a scroll of fear
 r - a scroll of identify {@r1}
Potions
 b - a potion of magic
 e - 2 potions of curing {@q1}
 h - 2 potions of haste {@q3}
 i - a potion of brilliance
 k - a potion of lignification {!q}
 l - a potion of cancellation

Dungeon Overview and Level Annotations

Branches:
Dungeon (6/15) Zot: 25850  Temple (0/1) D:5

#.##.###..โ™ฃ.โ™ฃ.o###.#
...#....#..8....#..#
..........._g###..#
..##......# ##.o#.#
.........#####..n# #
..##.###.......#g#
..##.# ###.##..#.#
..##.# #.###.#ยง# ..##.#
#.##..#@# ..##.#
#.##..#.# ..##.#
#.##..#.# ..##.#
##.##..#.#
..##.####.........
..................
..................
...............#.#.
.....########.## #


You could see a necrophage, a gnoll sergeant and an orc.


Message History

Casting: Foxfire (safe; 1% risk of failure)
Confirm with . or Enter, or press ? or * to list all spells.
You feel a surge of power!
You conjure some foxfire!
The foxfire hits the hound.
You kill the hound! ๐Ÿ˜Ž MP[-1]
You lost 1 mp, and now have 14/25 mp.
Casting: Foxfire (safe; 1% risk of failure)
Confirm with . or Enter, or press ? or * to list all spells.
You feel a surge of power!
You conjure some foxfire!
Key pressed, stopping explore.
Casting: Foxfire (safe; 1% risk of failure)
Confirm with . or Enter, or press ? or * to list all spells.
You feel a surge of power!
You conjure some foxfire!
Found a stone staircase leading up. ๐Ÿ˜Ž MP[+11]
Your mp is fully restored (25).
You now have 302 gold pieces (gained 13).
You now have 312 gold pieces (gained 10).
Found a stone staircase leading down.
c - 51 stones (gained 5)
An orc and an iguana come into view.
There are monsters nearby!
There are monsters nearby!
There are monsters nearby!
A phantom and a gnoll sergeant come into view.
Found a shadowy altar of Dithmenos.
Casting: Foxfire (safe; 1% risk of failure)
Confirm with . or Enter, or press ? or * to list all spells.
Flames lash the iguana.
The iguana's fire resistance burns away.
The orc shouts!
A necrophage comes into view. ๐Ÿ˜Ž MP[-2]
You lost 2 mp, and now have 23/25 mp.
The iguana attacks as you move away!
The iguana bites you! ๐Ÿ˜• HP[-6] MP[-2]
You take 6 damage, and now have 57/63 hp.
You lost 2 mp, and now have 21/25 mp.
Casting: Scorch (safe; 1% risk of failure)
Confirm with . or Enter, or press ? or * to list all spells.
Flames lash the phantom.
The phantom's fire resistance burns away.
You hear a shout!
The iguana bites you.
The iguana is no longer more vulnerable to fire.
The iguana bites you but does no damage. ๐Ÿ˜• HP[-1] MP[-1]
You take 1 damage, and now have 56/63 hp.
You lost 1 mp, and now have 20/25 mp.
Really attack while wielding your staff of conjuration {!a}? [Y]es or [N]o only, please.
Really attack while wielding your staff of conjuration {!a}?
Okay, then.
Really attack while wielding your staff of conjuration {!a}?
Okay, then.
Really attack while wielding your staff of conjuration {!a}?
You barely miss the iguana. The iguana completely misses you.
Casting: Scorch (safe; 1% risk of failure)
Confirm with . or Enter, or press ? or * to list all spells.
Aiming: Inner Flame (dangerous; 9% risk of failure)
Press: ? - help, Dir - move target, f - iguana
Aim: an iguana (heavily wounded, chance to affect: 80%)
The iguana is filled with an inner flame.
The iguana bites you but does no damage. ๐Ÿ˜• MP[-3]
You lost 3 mp, and now have 17/25 mp.
Casting: Inner Flame (dangerous; 9% risk of failure)
Confirm with . or Enter, or press ? or * to list all spells.
Flames lash the phantom.
The phantom's fire resistance burns away.
The iguana bites you but does no damage.
The iguana misses you. ๐Ÿ˜• HP[+1] MP[-1]
You lost 1 mp, and now have 16/25 mp.
Casting: Scorch (safe; 1% risk of failure)
Confirm with . or Enter, or press ? or * to list all spells.
You don't know that spell.
The iguana attacks as you move away! The iguana bites you. ๐Ÿ˜• HP[-2]
You take 2 damage, and now have 55/63 hp.
The phantom is no longer more vulnerable to fire.
The iguana attacks as you move away! The iguana closely misses you.
The iguana attacks as you move away! The iguana bites you. ๐Ÿ˜• HP[-3]
You take 3 damage, and now have 52/63 hp.
Casting: Scorch (safe; 1% risk of failure)
Confirm with . or Enter, or press ? or * to list all spells.
Flames lash the iguana.
The iguana explodes!
The fiery explosion engulfs the phantom!!
You destroy the phantom!
The fiery explosion engulfs you!!!
Ouch! That really hurt!
* * * LOW HITPOINT WARNING * * *
You are engulfed in blazing flames.
* * * LOW HITPOINT WARNING * * *
Your Conjurations skill increases to level 5!
You are engulfed in blazing flames.
You die...

Skill      XL: |  1  2  3  4  5  6  7  8 |
---------------+-------------------------+-----
Conjurations   | 1 2 3 4 5 |  5.0
Fire Magic     | 3 4 5 |  5.7
Spellcasting   | 2 3 |  3.6
Dodging        | 2 3 |  3.7
Fighting       | 1 2 3 |  3.3
Staves         | 1 |  1.4
Evocations     | 1 |  1.4
Stealth        | |  1.7

Action                   |  1- 3 |  4- 6 |  7- 9 || total
-------------------------+-------+-------+-------++-------
Melee: Unarmed           |     9 |     4 |       ||    13
       Whip              |       |     8 |       ||     8
       Short sword       |       |       |     2 ||     2
       Staff             |       |       |     1 ||     1
 Cast: Foxfire           |    54 |    67 |    35 ||   156
       Scorch            |     9 |    31 |    44 ||    84
       Conjure Flame     |       |     1 |     1 ||     2
       Inner Flame       |       |       |     3 ||     3
  Use: Scroll            |     3 |     8 |     4 ||    15
       Potion            |     3 |       |       ||     3
Armor: Robe              |     9 |     5 |    38 ||    52
Dodge: Dodged            |    36 |    25 |    98 ||   159

Levels and vault maps discovered:
D:1:      tarquinn_simple_flora_water_b, layout_loops_corners,
          shapermc_ecumenical_altar_hornbeckon, kennysheep_doodads
D:2:      layout_rooms, kennysheep_potato
D:3:      layout_basic, cheibrodos_ashenzari_chains,
          mainiacjoe_overflow_brackets, serial_park_tiny_pond,
          kennysheep_cross_room, uniq_robin, uniq_sigmund
D:4:      layout_gridville, minivault_27, kennysheep_nub
D:5:      layout_loops_ring, mainiacjoe_overflow_alcove_4,
          minmay_temple_entry_junction, serial_park_tiny_pond, minivault_27,
          st_stairs_3
D:6:      layout_basic, nicolae_overflow_hidden_temple, st_stairs_6,
          minmay_ruined_shrine, uniq_eustachio

Notes
Turn   | Place    | Note
-------+----------+-------------------------------------------
     0 | D:1      | kae the Demigod Fire Elementalist began the quest for the
                  | Orb.
     0 | D:1      | Reached XP level 1. HP: 14/14 MP: 5/5
     0 | D:1      | magus.rc [v1.11.3]
   112 | D:1      | Reached skill level 1 in Conjurations
   366 | D:1      | Reached XP level 2. HP: 18/20 MP: 1/7
   437 | D:1      | Learned a level 2 spell: Scorch
   561 | D:1      | Reached skill level 3 in Fire Magic
   562 | D:1      | Upgraded the game from 0.30-a0-6-g7c9e10e132 to
                  | 0.30-a0-12-gd8047c6341
   562 | D:1      | magus.rc [v1.11.3]
   762 | D:1      | Reached skill level 2 in Spellcasting
  1512 | D:2      | Reached skill level 2 in Dodging
  1512 | D:2      | Reached XP level 3. HP: 27/27 MP: 4/8
  1512 | D:2      | magus.rc [v1.11.3]
  1812 | D:2      | Learned a level 3 spell: Conjure Flame
  1952 | D:2      | Reached skill level 1 in Fighting
  2073 | D:2      | Reached skill level 2 in Conjurations
  2086 | D:2      | Reached XP level 4. HP: 35/35 MP: 5/9
  2318 | D:3      | Noticed Robin
  2324 | D:3      | Killed Robin
  2887 | D:3      | Noticed Sigmund
  2898 | D:3      | Killed Sigmund
  2899 | D:3      | Reached skill level 3 in Conjurations
  2899 | D:3      | Reached skill level 4 in Fire Magic
  2899 | D:3      | Reached XP level 5. HP: 29/41 MP: 2/11
  3561 | D:4      | Noticed a sky beast
  3568 | D:4      | Killed a sky beast
  3569 | D:4      | Reached skill level 2 in Fighting
  3569 | D:4      | Reached XP level 6. HP: 37/48 MP: 7/13
  3573 | D:4      | Learned a level 3 spell: Inner Flame
  4147 | D:5      | Entered Level 5 of the Dungeon
  4254 | D:5      | Found a staircase to the Ecumenical Temple.
  4641 | D:5      | Reached skill level 3 in Dodging
  4730 | D:5      | Reached skill level 3 in Spellcasting
  4730 | D:5      | Reached XP level 7. HP: 56/56 MP: 12/14
  4902 | D:5      | Reached skill level 4 in Conjurations
  4904 | D:5      | Reached skill level 5 in Fire Magic
  5322 | D:5      | Identified a scroll of acquirement
  5322 | D:5      | Acquired a staff of conjuration
  5865 | D:6      | Reached skill level 3 in Fighting
  6021 | D:6      | Noticed Eustachio
  6118 | D:6      | Killed Eustachio
  6119 | D:6      | Reached skill level 1 in Staves
  6119 | D:6      | Reached skill level 1 in Evocations
  6119 | D:6      | Reached XP level 8. HP: 34/63 MP: 10/16
  6489 | D:6      | HP: 11/63 [spore (41)]
  6489 | D:6      | HP: 2/63 [cloud of flame (9)]
  6490 | D:6      | Reached skill level 5 in Conjurations
  6490 | D:6      | Engulfed by a cloud of flame

Vanquished Creatures
  Sigmund (D:3)
  Eustachio (D:6)
  A sky beast (D:4)
  A black bear (D:5)
  An ogre (D:5)
  2 phantoms (D:6)
  A necrophage (D:6)
  A scorpion (D:5)
  4 hounds
  A gnoll bouda (D:5)
  A jelly (D:5)
  8 iguanas
  2 orc wizards
  Robin (D:3)
  5 gnolls
  8 adders
  2 ufetubi (D:5)
  2 worms
  A dart slug (D:1)
  6 orcs
  8 endoplasms
  3 giant cockroaches
  11 goblins
  9 hobgoblins
  8 jackals (D:5)
  2 quokkas
  3 ball pythons
  7 bats
  2 frilled lizards
  6 kobolds
  7 rats
116 creatures vanquished.

Vanquished Creatures (collateral kills)
  A foxfire (D:1)
1 creature vanquished.

Vanquished Creatures (others)
  262 foxfires
262 creatures vanquished.

Grand Total: 379 creatures vanquished

Table legend:
 A = Non-vault XP
 B = Vault XP
 C = Vault XP percentage of total XP
 D = Non-vault monster count
 E = Vault monster count
 F = Vault count percentage of total count
                 A         B        C        D         E       F
            +---------+---------+-------+---------+---------+-------
      Total |    1420 |     739 |  34.2 |      92 |      24 |  20.7
            +---------+---------+-------+---------+---------+-------
        D:1 |      41 |       0 |   0.0 |      22 |       0 |   0.0
        D:2 |      55 |      29 |  34.5 |      10 |       4 |  28.6
        D:3 |      20 |     262 |  92.9 |      13 |      13 |  50.0
        D:4 |     239 |       0 |   0.0 |      10 |       0 |   0.0
        D:5 |     672 |      48 |   6.7 |      25 |       2 |   7.4
        D:6 |     393 |     400 |  50.4 |      12 |       5 |  29.4
            +---------+---------+-------+---------+---------+-------

Illustrated notes

Table legend:
 A = Kills in this place as a percentage of kills in entire the game.
 B = Kills by you in this place as a percentage of kills by you in the entire game.
 C = Kills by friends in this place as a percentage of kills by friends in the entire game.
 D = Other kills in this place as a percentage of other kills in the entire game.
 E = Experience gained in this place as a percentage of experience gained in the entire game.
 F = Experience gained in this place divided by the number of levels of this place that you have seen.
                   A       B       C       D       E      F
               +-------+-------+-------+-------+-------+----------------------
         Total | 100.0 | 100.0 |   N/A |   N/A | 100.0 | 359.8
       Dungeon | 100.0 | 100.0 |   N/A |   N/A | 100.0 | 359.8
               +-------+-------+-------+-------+-------+----------------------

Table legend: (Time is in decaauts)
 A = Elapsed time spent in this place.
 B = Non-inter-level travel time spent in this place.
 C = Inter-level travel time spent in this place.
 D = Time resting spent in this place.
 E = Time spent auto-exploring this place.
 F = Levels seen in this place.
 G = Mean time per level.
                   A        B        C        D        E       F      G
               +--------+--------+--------+--------+--------+-----+--------+
         Total |   6507 |   6366 |    141 |     92 |   5284 |   6 | 1084.5 |
       Dungeon |   6507 |   6366 |    141 |     92 |   5284 |   6 | 1084.5 |
               +--------+--------+--------+--------+--------+-----+--------+

Top non-repeatable levels by time:
     D:5: 1696 daAuts
     D:1: 1467 daAuts
     D:3: 1194 daAuts
     D:4: 774 daAuts
     D:2: 725 daAuts
     D:6: 648 daAuts
